 Dungeon Crawl Stone Soup version 0.31-a0-840-g6d2ecbb638 (webtiles) character file.

Game seed: 11850093577673060671

201 ymta the Chopper (level 5, -1/14 HPs)
             Began as a Hill Orc Cinder Acolyte on Sept 27, 2023.
             Was a High Priest of Ignis.
             Slain by an iguana (6 damage)
             ... on level 3 of the Dungeon.
             The game lasted 00:18:17 (3535 turns).

ymta the Chopper (Hill Orc Cinder Acolyte)          Turns: 3535, Time: 00:18:17

Health: -1/14      AC:  8    Str: 19    XL:     5   Next: 79%
Magic:  15/15      EV: 11    Int: 14    God:    Ignis [*****.]
Gold:   147        SH:  0    Dex: 12    Spells: 6/6 levels left

rFire   + + .        a - melded -1 hand axe (flame)
rCold   . . .        (shield currently unavailable)
rNeg    . . .        n - +2 ring mail {rF+}
rPois   .            (no helmet)
rElec   .            (no cloak)
rCorr   .            (no gloves)
SInv    .            u - +0 pair of boots
Will    .....        x - amulet of the acrobat
Stlth   +            e - ring of magical power
HPRegen 0.22/turn    h - +6 ring of dexterity
MPRegen 0.14/turn

%: acrobat
@: flux-form, glowing
A: glow, contaminating, reduced hp
a: Begin Untransformation, Renounce Religion, Fiery Armour, Foxfire Swarm,
Rising Flame


You were on level 3 of the Dungeon.
You worshipped Ignis.
Ignis was extremely pleased with you.
You were something dangerously unstable.
You visited 1 branch of the dungeon, and saw 3 of its levels.

You collected 147 gold pieces.

Inventory:

Hand Weapons
 a - a -1 hand axe of flaming (melded)
 j - a +0 dagger
 k - a +0 short sword
 r - a +0 flail
 s - a +1 dagger of speed
Missiles
 p - 15 stones (quivered)
Armour
 b - a +0 robe
 d - a +0 scale mail
 i - a +0 scale mail
 n - a +2 ring mail of fire resistance (worn)
 q - a +1 scale mail of poison resistance
 u - a +0 pair of boots (worn)
Jewellery
 e - a ring of magical power (left hand)
 h - a +6 ring of dexterity (right hand)
 x - an amulet of the acrobat (around neck)
Talismans
 A - a flux talisman (active)
Scrolls
 c - a scroll of fog {unknown}
 f - a scroll of silence {unknown}
 o - a scroll of amnesia {unknown}
 t - a scroll of enchant armour {unknown}
 v - a scroll of identify {unknown}
 w - 2 scrolls of fear {unknown}
 y - a scroll of teleportation {unknown}
 z - a scroll of noise
Potions
 g - a potion of brilliance {unknown}
 l - a potion of ambrosia {unknown}
 m - 2 potions of heal wounds {unknown}


   Skills:
 + Level 4.5 Fighting
 + Level 6.4 Axes
 + Level 1.4 Armour
 + Level 1.4 Dodging
 + Level 0.2 Stealth
 + Level 1.1 Spellcasting
 + Level 3.5 Fire Magic


You had 6 spell levels left.
You didn't know any spells.
Your spell library contained the following spells:

 Spells                   Type           Power      Damage    Failure   Level
 Scorch                   Fire           20%        2d5       16%         2
 Apportation              Tloc           0%         N/A       41%         1
 Necrotise                Necr           0%         1d4       41%         1
 Summon Small Mammal      Summ           0%         N/A       41%         1
 Volatile Blastmotes      Fire/Tloc      10%        2d10      54%         3
 Dazzling Flash           Conj/Hex       0%         N/A       80%         3
 Starburst                Conj/Fire      2%         6d3       100%        6
 Maxwell's Capacitive Co  Air            0%         ∞         100%        8


Dungeon Overview and Level Annotations

Branches:
Dungeon (3/15)

Altars:
Uskayaw

Shops:
D:1 (


Message History

There is a dry fountain here.
You see here a scroll of noise.
You see here a scroll of noise.
z - a scroll of noise
Things that are here:
a +0 club; a gnoll skeleton You see here a +0 spear.
You see here a flux talisman.
You see here a flux talisman.
A - a flux talisman You start putting on your amulet.
You continue putting on your amulet of the acrobat. x5
You finish putting on your amulet of the acrobat.
You feel ready to tumble and roll out of harm's way.
x - an amulet of the acrobat (around neck)
You begin transforming.
You continue transforming. x3
You turn into something dangerously unstable.
Your -1 hand axe of flaming melds into your body.
Your -1 hand axe of flaming stops flaming.
You open the door.
There is an open door here.
An iguana comes into view.
The iguana hisses angrily.
The iguana misses you.
You hit the iguana.
The iguana begins to glow.
The iguana is lightly wounded.
The iguana barely misses you.
You hit the iguana but do no damage.
The iguana glows dangerously bright.
The iguana is lightly wounded.
The iguana bites you!
Ouch! That really hurt!
You hit the iguana but do no damage.
The iguana shudders as magic cascades through it.
The iguana twists and deforms.
The iguana is lightly wounded.
The iguana bites you.
You hit the iguana but do no damage.
The iguana begins to glow.
The iguana is lightly wounded.
The iguana bites you.
You die...

*********########################
,,,,,,,,,......lp................
*********########################
*********** ,,,,,,,,,,*
,,,,,,,,,,*


You could see an iguana (contam, misshapen).

Vanquished Creatures
  Jessica (D:2)
  Natasha (D:3)
  Robin (D:3)
  3 gnolls (D:3)
  2 adders (D:3)
  2 dart slugs
  An orc (D:3)
  3 ball pythons
  5 bats
  6 endoplasms
  2 giant cockroaches (D:2)
  13 goblins
  10 hobgoblins
  8 jackals
  3 quokkas
  16 frilled lizards
  5 kobolds
  2 rats
84 creatures vanquished.

Notes
Turn   | Place    | Note
-------+----------+-------------------------------------------
     0 | D:1      | ymta the Hill Orc Cinder Acolyte began the quest for the
                  | Orb.
     0 | D:1      | Reached XP level 1. HP: 19/19 MP: 2/2
   171 | D:1      | Reached XP level 2. HP: 13/27 MP: 3/3
   939 | D:1      | Found Noadghumu's Weapon Shoppe.
  1381 | D:2      | Noticed Jessica
  1384 | D:2      | Reached XP level 3. HP: 29/33 MP: 4/4
  1390 | D:2      | Killed Jessica
  1391 | D:2      | Reached skill level 5 in Axes
  1640 | D:2      | Reached XP level 4. HP: 39/40 MP: 5/5
  1684 | D:2      | Reached skill level 1 in Dodging
  2433 | D:3      | Noticed Robin
  2478 | D:3      | Killed Robin
  2606 | D:3      | Found a hide-covered altar of Uskayaw.
  2628 | D:3      | Reached XP level 5. HP: 8/47 MP: 6/6
  2634 | D:3      | HP: 2/47 [hobgoblin (1)]
  2738 | D:3      | Reached skill level 1 in Armour
  2813 | D:3      | Found a faded altar of an unknown god.
  2882 | D:3      | Reached skill level 6 in Axes
  2987 | D:3      | Noticed Natasha
  2999 | D:3      | Killed Natasha
  3146 | D:3      | HP: 1/47 [gnoll/+0 halberd (4)]
  3535 | D:3      | Slain by an iguana

Illustrated notes

Levels and vault maps discovered:
D:1:      minmay_arrival_arboretum_large, layout_loops_corners, serial_shops,
          shop
D:2:      layout_basic, minmay_tall_x, uniq_jessica
D:3:      layout_basic, mainiacjoe_overflow_alcove_1,
          hellmonk_ecumenical_altar_run_dry, minmay_lizard_king, uniq_robin,
          uniq_natasha

Skill      XL: |  1  2  3  4  5 |
---------------+----------------+-----
Fighting       | 4 |  4.5
Axes           | 5 6 |  6.4
Dodging        | 1 |  1.4
Armour         | 1 |  1.4
Stealth        | |  0.2
Spellcasting   | |  1.1
Fire Magic     | |  3.5

Action                     |  1- 3 |  4- 6 || total
---------------------------+-------+-------++-------
  Melee: Hand axe          |    89 |   166 ||   255
         Punch             |       |     2 ||     2
         Unarmed           |       |     4 ||     4
    Use: Potion            |     1 |       ||     1
         Scroll            |       |     2 ||     2
 Armour: Robe              |    68 |       ||    68
         Ring mail         |     8 |   127 ||   135
  Dodge: Dodged            |    63 |   123 ||   186
   Form: Flux              |       |     1 ||     1

Table legend: (Time is in decaauts)
 A = Elapsed time spent in this place.
 B = Non-inter-level travel time spent in this place.
 C = Inter-level travel time spent in this place.
 D = Time resting spent in this place.
 E = Time spent auto-exploring this place.
 F = Levels seen in this place.
 G = Mean time per level.
                   A        B        C        D        E       F      G
               +--------+--------+--------+--------+--------+-----+--------+
         Total |   3552 |    921 |   2631 |      0 |    143 |   3 | 1184.0 |
       Dungeon |   3552 |    921 |   2631 |      0 |    143 |   3 | 1184.0 |
               +--------+--------+--------+--------+--------+-----+--------+

Top non-repeatable levels by time:
     D:1: 1385 daAuts
     D:3: 1138 daAuts
     D:2: 1028 daAuts
